 Dungeon Crawl Stone Soup version 0.17-a0-1849-g8a24fa2 (webtiles) character file.

164 Enroth the Sneak (level 5, 0/32 HPs)
             Began as an Octopode Enchanter on Sept 18, 2015.
             Slain by a gnoll
             ... wielding a +0 spear
              (3 damage)
             ... on level 4 of the Dungeon.
             The game lasted 00:10:12 (2156 turns).

Enroth the Sneak (Octopode Enchanter)               Turns: 2156, Time: 00:10:12

Health: 0/32       AC:  1    Str:  8    XL:     5   Next: 45%
Magic:  0/8        EV: 13    Int: 17    God:
Gold:   180        SH:  0    Dex: 13    Spells: 3 memorised, 3 levels left

rFire  . . .     SeeInvis .     u - +0 dagger (drain)
rCold  . . .     Clarity  .     (no shield)
rNeg   . . .     SustAt   .     (helmet restricted)
rPois  .         Gourm    .     r - amulet of guardian spirit
rElec  .         Spirit   +     o - ring of wizardry
rCorr  .         Warding  .     (no ring)
rMut   .         Stasis   .     (no ring)
MR     .....                    (no ring)
Stlth  +++++.....               (no ring)
                                (no ring)
                                (no ring)
                                (no ring)

@: not resistant to hostile enchantments, quite stealthy
A: almost no armour, amphibious, 8 rings, constrict 8, camouflage 1, gelatinous
body 1
a: no special abilities


You were on level 4 of the Dungeon.
You were very hungry.

You visited 1 branch of the dungeon, and saw 4 of its levels.

You collected 180 gold pieces.

Inventory:

Hand weapons
 l - a +1 dagger of venom
 u - a +0 dagger of draining (weapon)
Jewellery
 o - a ring of wizardry (left tentacle)
 r - an amulet of guardian spirit (around mantle)
Scrolls
 f - a scroll of remove curse
 i - a scroll of teleportation
 p - a scroll of identify
Potions
 h - 3 potions of curing
 n - a potion of brilliance
Books
 b - a book of Maledictions

   Spells                             Type                      Level
   a - Corona                         Hexes                        1
   b - Ensorcelled Hibernation        Hexes/Ice                    2
   c - Confuse                        Hexes                        3
   d - Tukima's Dance                 Hexes                        3
   e - Dazzling Spray                 Conjuration/Hexes            3
Comestibles
 a - a beef jerky
 c - 3 bread rations
 g - 2 royal jellies
 j - a meat ration


   Skills:
 + Level 0.6 Fighting
 + Level 1.5 Short Blades
 + Level 2.6 Dodging
 + Level 6.3 Stealth
 + Level 2.5 Spellcasting
 + Level 3.6 Hexes
 + Level 0.4 Ice Magic


You had 3 spell levels left.
You knew the following spells:

 Your Spells              Type           Power        Failure   Level  Hunger
a - Corona                Hex            ##.....      1%          1    #......
b - Ensorcelled Hibernat  Hex/Ice        #.....       6%          2    ##.....
c - Tukima's Dance        Hex            ##......     6%          3    ###....


Dungeon Overview and Level Annotations

Branches:
Dungeon (4/15)
 Temple: D:4-7

Altars:
Gozag
Kikubaaqudgha
Makhleb
Okawaru
Sif Muna
Yredelemnul


Innate Abilities, Weirdness & Mutations

You cannot wear most types of armour.
You are amphibious.
You can wear up to eight rings at the same time.
You can use your tentacles to constrict eight enemies at once.
Your skin changes colour to match your surroundings (Stealth).
Your rubbery body absorbs attacks (AC +1).


Message History

You impale the gnoll!!
You kill the gnoll!
The gnoll shouts!
You hear an angry hiss.
The gnoll hits you with a spear!
You completely miss the gnoll. You grab the gnoll.
You constrict the gnoll, but do no damage.
The gnoll hits you but does no damage.
You hit the gnoll but do no damage. You constrict the gnoll.
The gnoll hits you with a whip. The gnoll hits you with a spear.
You hit the gnoll.
The gnoll is moderately wounded.
You constrict the gnoll. The gnoll hits you with a whip!
* * * LOW HITPOINT WARNING * * *
The gnoll misses you.
You barely miss the gnoll.
The gnoll is heavily wounded.
You constrict the gnoll. The gnoll hits you with a whip.
* * * LOW HITPOINT WARNING * * *
The gnoll hits you with a spear.
You die...

#...... ...... .
####....
..##......# ...
........# ...
#..#...##+#. ....
##..gg.......
.....#....@.......
.....#..).........
.......#..........
.......#....#.....
.......<....#.....
......##..........
...#. ......#....
. # ##$.......#.
..?......


You could see 2 gnolls.

Vanquished Creatures
  An orc wizard (D:3)
  A gnoll (D:4)
  5 adders
  8 orcs (D:3)
  A ball python (D:1)
  10 bats
  4 giant cockroaches
  5 hobgoblins
  14 jackals
  2 quokkas (D:2)
  2 giant geckos
  4 giant newts
  2 gnoll zombies (D:3)
  5 goblins
  2 kobolds (D:1)
  9 rats
75 creatures vanquished.

Notes
Turn   | Place    | Note
--------------------------------------------------------------
     0 | D:1      | Enroth the Octopode Enchanter began the quest for the Orb.
     0 | D:1      | Reached XP level 1. HP: 11/11 MP: 3/3
   147 | D:1      | Reached XP level 2. HP: 9/17 MP: 3/5
   333 | D:1      | Reached XP level 3. HP: 12/22 MP: 6/6
   524 | D:2      | Reached skill level 5 in Stealth
   633 | D:2      | Learned a level 2 spell: Ensorcelled Hibernation
   637 | D:2      | Learned a level 3 spell: Tukima's Dance
   907 | D:2      | Found a faded altar to an unknown god.
   912 | D:2      | Reached XP level 4. HP: 23/27 MP: 0/7
   928 | D:2      | Found a burning altar of Makhleb.
   952 | D:2      | Found a deep blue altar of Sif Muna.
   986 | D:2      | Found an ancient bone altar of Kikubaaqudgha.
  1629 | D:3      | Found an opulent altar of Gozag.
  1629 | D:3      | Found an iron altar of Okawaru.
  1646 | D:3      | Reached XP level 5. HP: 32/32 MP: 5/8
  1804 | D:3      | Reached skill level 6 in Stealth
  1959 | D:3      | Found a basalt altar of Yredelemnul.
  2156 | D:4      | Slain by a gnoll

Vault maps used:
D:1:      lightli_arrival_windingriver
D:2:      old_standard_altar, nicolae_overflow_crystal_walls,
          nicolae_overflow_hidden_temple, ecumenical_altar_1, minmay_unequal
D:3:      lemuel_zombie_altar_yredelemnul, grunt_temple_overflow_open
D:4:      kennysheep_little_box, first_bread, uniq_crazy_yiuf_cottage,
          uniq_natasha

Action                   |  1- 3 |  4- 6 || total
-------------------------+-------+-------++-------
Melee: Dagger            |    88 |    44 ||   132
 Cast: Corona            |    15 |     5 ||    20
       Ensorcelled Hiber |     5 |     2 ||     7
       Tukima's Dance    |       |     2 ||     2
  Use: Potion            |     2 |     4 ||     6
       Scroll            |       |     6 ||     6
 Stab: Sleeping          |    20 |     9 ||    29
  Eat: Chunk             |       |     2 ||     2
       Beef jerky        |       |     1 ||     1
